 Dungeon Crawl Stone Soup version 0.32-a0-485-g70f7560b1c (webtiles) character file.

Game seed: 16397590590069305107

1501422 Drazool the Iron Golem (level 27, 226/226 HPs)
             Began as a Coglin Gladiator on Feb 22, 2024.
             Was the Champion of Okawaru.
             Escaped with the Orb
             ... and 3 runes on Feb 26, 2024!
             The game lasted 05:44:09 (87735 turns).

Drazool the Iron Golem (Coglin Gladiator)          Turns: 87735, Time: 05:44:10

Health: 226/226    AC: 48    Str: 28    XL:     27
Magic:  48/48      EV: 13    Int: 18    God:    Okawaru [******]
Gold:   4963       SH:  0    Dex: 24    Spells: 23/50 levels left

rFire   + + .        A - +9 broad axe (freeze) {Bozidara}
rCold   + . .        H - +8 broad axe "Xakunku" {freeze, ^Drain rCorr MP+9}
rNeg    + . .        X - +8 orange crystal plate armour {Archmagi, Int+3 Clar}
rPois   .            c - +3 crown of Dyrovepreva {rElec Int+2 SInv}
rElec   +            E - scarf {rC+ rF+}
rCorr   +            e - +0 pair of gloves of Muvviss {Str+4 Int+3}
SInv    +            g - +2 pair of boots
Will    +++++        Z - amulet of the Four Winds {rN+ Will+++ Clar} Stlth
                     U - ring of Visaniuz {rElec rF+ Will+ Dex+4 Stlth+}
HPRegen 0.57/turn    T - ring of the Mage {Wiz Archmagi}
MPRegen 0.31/turn

%: clarity, wizardry (x1), archmagi
@: studying 2 skills
A: off-hand wielding, slow wielding, warmup strikes, no rings, agile 1
0: Orb of Zot
}: 3/15 runes: serpentine, barnacled, silver
a: Renounce Religion, Heroism, Finesse, Duel


You escaped.
You worshipped Okawaru.
Okawaru was exalted by your worship.
You visited 10 branches of the dungeon, and saw 48 of its levels.
You visited the Abyss 1 time.
You visited 1 bazaar.
You also visited: Trove, Bailey and Gauntlet.

You collected 8131 gold pieces.
You spent 3168 gold pieces at shops.


Innate Abilities, Weirdness & Mutations

You can wield a second weapon in your off-hand.
It takes a long time for you to wield or remove held weapons.
Your first few attacks do less damage.
Your grasper-arms cannot wear rings.
You are agile. (Dex +4, Str/Int -1)


   Skills:
 + Level 20.4 Fighting
 - Level 18.0 Axes
 - Level 10.0 Throwing
 O Level 27 Armour
 - Level 8.0 Dodging
 - Level 3.0 Stealth
 - Level 12.0 Spellcasting
 - Level 19.0 Translocations
 - Level 10.0 Air Magic
 - Level 9.0 Invocations
 - Level 6.0 Evocations


You had 23 spell levels left.
You knew the following spells:

 Your Spells              Type           Power      Damage    Failure   Level
a - Apportation           Tloc           100%       N/A       0%          1
g - Gell's Gravitas       Tloc           100%       N/A       1%          3
i - Dispersal             Tloc           54%        N/A       1%          6
m - Manifold Assault      Tloc           100%       N/A       1%          4
t - Teleport Other        Tloc           100%       N/A       1%          3
u - Passage of Golubria   Tloc           100%       N/A       1%          4
z - Vhi's Electric Charg  Tloc/Air       100%       N/A       1%          4
B - Blink                 Tloc           100%       N/A       0%          2

Your spell library contained the following spells:

 Spells                   Type           Power      Damage    Failure   Level
 Lesser Beckoning         Tloc           100%       N/A       0%          2
 Momentum Strike          Conj/Tloc      100%       3d10      1%          2
 Volatile Blastmotes      Fire/Tloc      100%       2d18      1%          3
 Mercury Vapours          Alch/Air       100%       N/A       2%          2
 Static Discharge         Conj/Air       100%       3-8/arc   2%          2
 Airstrike                Air            41%        2d(6-22)  2%          4
 Dimensional Bullseye     Hex/Tloc       39%        N/A       3%          4
 Iskenderun's Mystic Bla  Conj/Tloc      79%        2d16      3%          4
 Cigotuvi's Dreadful Rot  Necr/Alch/Air  100%       N/A       6%          2
 Mephitic Cloud           Conj/Alch/Air  51%        N/A       12%         3
 Freeze                   Ice            96%        1d10      16%         1
 Kiss of Death            Conj/Necr      96%        2d12      16%         1
 Magic Dart               Conj           96%        1d7       16%         1
 Necrotise                Necr           96%        1d8       16%         1
 Sting                    Conj/Alch      96%        1d9       16%         1
 Jinxbite                 Hex            48%        N/A       22%         2
 Scorch                   Fire           48%        2d7       22%         2
 Sublimation of Blood     Necr           24%        N/A       22%         2
 Disjunction              Tloc           54%        N/A       36%         8
 Dazzling Flash           Conj/Hex       48%        N/A       38%         3
 Frozen Ramparts          Ice            48%        1d8       38%         3
 Hailstorm                Conj/Ice       24%        3d7       38%         3
 Ozocubu's Armour         Ice            24%        N/A       38%         3
 Sigil of Binding         Hex            24%        N/A       38%         3
 Vampiric Draining        Necr           24%        2d7       38%         3
 Arcjolt                  Conj/Air       30%        1d40      45%         5
 Silence                  Hex/Air        30%        N/A       45%         5
 Freezing Cloud           Conj/Ice/Air   25%        6-21      67%         5
 Brom's Barrelling Bould  Conj/Erth      24%        2d5       78%         4
 Flame Wave               Conj/Fire      24%        2d8       78%         4
 Fulminant Prism          Conj/Alch      12%        3d9       78%         4
 Ignite Poison            Fire/Alch      24%        N/A       78%         4
 Olgreb's Toxic Radiance  Alch           24%        N/A       78%         4
 Conjure Ball Lightning   Conj/Air       30%        3x3d10    94%         6
 Plasma Beam              Fire/Air       30%        2x1d43    94%         6
 Borgnjor's Vile Clutch   Necr/Erth      12%        N/A       98%         5
 Curse of Agony           Necr           24%        N/A       98%         5
 Fireball                 Conj/Fire      12%        3d7       98%         5
 Iskenderun's Battlesphe  Conj           24%        2d8       98%         5
 Lee's Rapid Deconstruct  Erth           12%        3d8*      98%         5
 Yara's Violent Unravell  Hex/Alch       12%        3d7       98%         5
 Starburst                Conj/Fire      12%        6d5       100%        6
 Enfeeble                 Hex            12%        N/A       100%        7
 Orb of Destruction       Conj           12%        9d7       100%        7
 Ozocubu's Refrigeration  Ice            12%        4d10      100%        7
 Borgnjor's Revivificati  Necr           12%        N/A       100%        8
 Discord                  Hex            12%        N/A       100%        8
 Lehudib's Crystal Spear  Conj/Erth      12%        10d4      100%        8
 Maxwell's Capacitive Co  Air            41%        ∞         100%        8
 Summon Forest            Summ/Tloc      Unusable   N/A       N/A         5
 Summon Small Mammal      Summ           Unusable   N/A       N/A         1
 Summon Lightning Spire   Summ/Air       Unusable   N/A       N/A         4
 Call Imp                 Summ           Unusable   N/A       N/A         2
 Call Canine Familiar     Summ           Unusable   N/A       N/A         3
 Summon Ice Beast         Ice/Summ       Unusable   N/A       N/A         3
 Tukima's Dance           Hex            Unusable   N/A       N/A         3
 Animate Armour           Summ/Erth      Unusable   N/A       N/A         4
 Animate Dead             Necr           Unusable   N/A       N/A         4
 Martyr's Knell           Necr/Summ      Unusable   N/A       N/A         4
 Summon Blazeheart Golem  Fire/Summ      Unusable   N/A       N/A         4
 Death Channel            Necr           Unusable   N/A       N/A         6
 Sculpt Simulacrum        Ice/Alch       Unusable   N/A       N/A         6
 Summon Cactus Giant      Summ           Unusable   N/A       N/A         6
 Spellforged Servitor     Conj/Summ      Unusable   N/A       N/A         7
 Summon Hydra             Summ           Unusable   N/A       N/A         7

Inventory:

Hand Weapons
 A - a +9 broad axe of freezing (weapon) {Bozidara}
 H - the +8 broad axe "Xakunku" (offhand) {freeze, ^Drain rCorr MP+9}
   (You bought it in a shop on level 1 of the Elven Halls)

   MP+9:      It affects your magic capacity (+9).
   rCorr:     It protects you from acid and corrosion.
   ^Drain:    It drains your maximum health when unequipped.
Missiles
 d - 5 throwing nets {=f}
 f - 17 javelins
 m - 65 boomerangs
 D - 15 silver javelins
Armour
 c - the +3 crown of Dyrovepreva (worn) {rElec Int+2 SInv}
   (You found it on level 3 of the Elven Halls)

   Int+2:     It affects your intelligence (+2).
   rElec:     It insulates you from electricity.
   SInv:      It lets you see invisible.
 e - the +0 pair of gloves of Muvviss (worn) {Str+4 Int+3}
   (You found it in a treasure trove)

   Str+4:     It affects your strength (+4).
   Int+3:     It affects your intelligence (+3).
 g - a +2 pair of boots (worn)
 E - a scarf of resistance (worn)
 O - the +4 dragonskin cloak
   (You took it off Tiamat in the Arena)

   Avatar's Aegis: It grants the wearer a chance to resist fire, cold, poison,
   electricity, acid, and negative energy.
 X - the +8 orange crystal plate armour (worn) {Archmagi, Int+3 Clar}
   (Okawaru gifted it to you on level 5 of the Lair of Beasts)

   Int+3:     It affects your intelligence (+3).
   Clar:      It protects you from confusion, rage, mesmerisation and fear.
Magical Staves
 S - the staff "Dujar" {rPois rC+ Tloc Ice, !a}
   (You found it on level 5 of the Vaults)

   [staff of cold]

   Base accuracy: +5 Base damage: 5 Base attack delay: 1.2 This weapon's minimum
   attack delay (0.6) is reached at skill level 12.
   rC+:       It protects you from cold.
   rPois:     It protects you from poison Tloc: It increases the power of your
   Translocations spells.
   Ice:       It increases the power of your Ice spells.
   It falls into the 'Staves' category.
   It is a one-graspered weapon.
Jewellery
 v - the amulet of Adef {Faith ^Fragile Str-5 Dex+8}
   (You took it off a frost giant on level 1 of the Depths)

   [amulet of faith]

   Faith:     It allows you to gain divine favour quickly.
   Str-5:     It affects your strength (-5).
   Dex+8:     It affects your dexterity (+8).
   ^Fragile:  It will be destroyed if unequipped.
 L - a ring of flight
 P - the ring "Xietigev" {Ice Int+4}
   (You took it off Josephina on level 1 of the Depths)

   [ring of ice]

   Ice:       It enhances your ice magic.
   Int+4:     It affects your intelligence (+4).
   rF-:       It makes you vulnerable to fire.
   rC+:       It protects you from cold.
 T - the ring of the Mage (right grasper) {Wiz Archmagi}
   (You took it off a deep elf pyromancer on level 1 of the Elven Halls)

   [ring of wizardry]

   Wiz:       It improves your spell success rate.
   Archmagi:  It increases the power of your magical spells.
 U - the ring of Visaniuz (left grasper) {rElec rF+ Will+ Dex+4 Stlth+}
   (You bought it in a shop on level 8 of the Dungeon)

   [ring of protection from fire]

   Dex+4:     It affects your dexterity (+4).
   rF+:       It protects you from fire.
   rElec:     It insulates you from electricity.
   Will+:     It increases your willpower.
   Stlth+:    It makes you more stealthy.
 Z - the amulet of the Four Winds (around neck) {rN+ Will+++ Clar}
   (You took it off a deep elf annihilator on level 3 of the Elven Halls)

   [amulet of nothing]

   rN+:       It protects you from negative energy.
   Will+++:   It greatly increases your willpower.
   Clar:      It protects you from confusion, rage, mesmerisation and fear.
Wands
 r - a wand of mindburst (62)
 z - a wand of acid (29)
 F - a wand of digging (1)
 J - a wand of iceblast (27)
 M - a wand of flame (57)
 N - a wand of polymorph (25)
Scrolls
 a - 5 scrolls of vulnerability
 p - 4 scrolls of silence {!r}
 q - 26 scrolls of teleportation {@r2}
 t - 5 scrolls of enchant armour
 x - 4 scrolls of revelation
 y - 13 scrolls of immolation
 C - 2 scrolls of fear
 I - 2 scrolls of poison
 K - 4 scrolls of fog
 V - 2 scrolls of blinking
Potions
 b - 9 potions of magic
 i - a potion of ambrosia
 j - 2 potions of heal wounds {@q2}
 l - a potion of enlightenment
 n - 11 potions of lignification
 o - 5 potions of invisibility
 s - 6 potions of attraction
 u - 4 potions of mutation
 w - 3 potions of might
 B - 5 potions of brilliance
 G - 14 potions of curing {@q1}
 Q - 5 potions of resistance
 W - 3 potions of haste {@q3}
 Y - 4 potions of cancellation
Miscellaneous
 h - a phial of floods
 k - a lightning rod (4/4)
 R - a tin of tremorstones (2/2)

Dungeon Overview and Level Annotations

Branches:
Dungeon (15/15)            Temple (1/1) D:4            Lair (5/5) D:10
 Shoals (4/4) Lair:3        Snake (4/4) Lair:3          Orc (2/2) D:11
    Elf (3/3) Orc:2        Vaults (5/5) D:14          Crypt (0/3) Vaults:2
 Depths (4/4) D:15            Zot (5/5) Depths:4     Bailey (visited)
Gauntlet (visited)
  Slime: Lair:4-5

Altars:
Ashenzari
Cheibriados
Dithmenos
Elyvilon
Fedhas
Gozag
Hepliaklqana
Kikubaaqudgha
Makhleb
Nemelex Xobeh
Okawaru
Qazlal
Ru
Sif Muna
Trog
Uskayaw
Vehumet
Wu Jian
Xom
Yredelemnul
Zin
The Shining One

Shops:
D:8 ?*   D:14 !?(   Orc:2 ([(*   Elf:1 (((?*   Vaults:2 [   Vaults:5 ?
Depths:2 (

Portals:
Hell: Depths:1 Depths:2 Depths:3 Depths:4
Abyss: Depths:1 Depths:3 Depths:4
Pandemonium: Depths:1 Depths:2 Depths:3
Ziggurat: Depths:4

Annotations:
D:14 3 runed translucent doors, Sirjeffry24's ghost, journeyman DrSh
D:15 3 runed translucent doors, Kiusm's ghost, journeyman DsGl
Lair:1 exclusion: ice statue
Lair:4 3 runed translucent doors, exclusion: 2 oklob plants, Rotan's ghost, journeyman NaHs
Shoals:2 Roxanne
Elf:2 5 runed translucent doors
Vaults:4 3 runed translucent doors, Jeb Mum's ghost, veteran DsFE
Zot:2 2 transporters, exclusion: orange crystal statue

#.#............#
#.#######.....## #.#
#.....# #'## #####.##
...## #......##
....## ##.ß.ß.#.##
.....###.......#.##
......##ß.......#.#
......##..▒▒▒...@#.#
......#...▒B▒.....#.#
.....##ß..▒k▒..#.#.##
..........▒S▒..#.##.#
...####ß..▒h▒..#.#
#.# #'## #...▒h▒..#&#
## #.# ##..▒▒▒..#.#
#.# #ß........#
#.######.........#


You could see Komema, a boulder beetle, an anaconda, a swamp drake, a black bear
and a jackal.


Message History

Aiming: Dig
Press: ? - help, Shift-Dir - straight line A rock wall.
This square is covered in magical glow.
The rock shatters into small pieces.
Unknown command.
Aiming: Dig
Press: ? - help, Shift-Dir - straight line This square is covered in magical glow.
The rock shatters into small pieces.
The anaconda hisses angrily.
The black bear growls angrily.
There is a staircase leading out of the dungeon here.
Aiming: Dig
Press: ? - help, Shift-Dir - straight line A rock wall.
This square is covered in magical glow.
The rock shatters into small pieces.
Press: ? - help, v - describe, . - travel A translucent stone wall.
Aiming: Dig
Press: ? - help, Shift-Dir - straight line A rock wall.
This square is covered in magical glow.
The rock shatters into small pieces.
Komema comes into view.
Press: ? - help, v - describe, . - travel
Here: Komema The floor.
Unknown command.
You have escaped!

Skill      XL: |  1  2  3  4  5  6  7  8  9 10 11 12 13 14 15 16 17 18 19 20 21 22 23 24 25 26 27 |
---------------+----------------------------------------------------------------------------------+-----
Axes           | 4 5 6 7 9 12 13 16 17 18 | 18.0
Fighting       | 3 4 5 6 11 12 14 15 16 17 20 | 20.4
Armour         | 4 8 9 10 11 12 14 16 18 21 24 26 27 | 27.0
Invocations    | 2 5 6 8 9 |  9.0
Throwing       | 3 4 6 8 10 | 10.0
Evocations     | 3 6 |  6.0
Dodging        | 3 4 8 |  8.0
Stealth        | 1 3 |  3.0
Translocations | 3 7 11 12 15 18 19 | 19.0
Spellcasting   | 6 11 12 | 12.0
Air Magic      | 8 10 | 10.0

Action                     |  1- 3 |  4- 6 |  7- 9 | 10-12 | 13-15 | 16-18 | 19-21 | 22-24 | 25-27 || total
---------------------------+-------+-------+-------+-------+-------+-------+-------+-------+-------++-------
  Melee: War axe           |    56 |    89 |   184 |    95 |       |       |       |       |       ||   424
         Dagger            |     4 |       |       |       |       |       |       |       |       ||     4
         Whip              |    32 |   114 |   418 |       |       |       |       |       |       ||   564
         Short sword       |    17 |    38 |       |       |       |       |       |       |       ||    55
         Hand axe          |       |       |   108 |   229 |   486 |       |       |       |       ||   823
         Broad axe         |       |       |       |   136 |   634 |  1702 |  2026 |  2251 |  2601 ||  9350
  Throw: Dart              |     2 |       |    14 |    14 |    94 |    14 |       |       |       ||   138
         Throwing net      |     2 |       |     5 |     2 |       |       |       |       |       ||     9
         Boomerang         |       |       |       |       |     9 |    68 |    26 |     8 |       ||   111
         Javelin           |       |       |       |       |     5 |     4 |       |       |     5 ||    14
   Cast: Apportation       |       |       |       |       |    16 |       |       |       |       ||    16
         Vhi's Electric Ch |       |       |       |       |       |       |    95 |   187 |   109 ||   391
         Passage of Golubr |       |       |       |       |       |       |     2 |     5 |     4 ||    11
         Gell's Gravitas   |       |       |       |       |       |       |       |     1 |       ||     1
         Manifold Assault  |       |       |       |       |       |       |       |       |   417 ||   417
 Invoke: Heroism           |       |       |       |     2 |     6 |     8 |     8 |     8 |     3 ||    35
         Duel              |       |       |       |       |     1 |       |       |       |     1 ||     2
         Receive Weapon    |       |       |       |       |     1 |       |       |       |       ||     1
         Receive Armour    |       |       |       |       |     1 |       |       |       |       ||     1
         Finesse           |       |       |       |       |       |     3 |     4 |     4 |     3 ||    14
  Evoke: Wand              |       |       |       |       |    18 |    17 |     2 |     5 |     6 ||    48
    Use: Scroll            |     1 |       |       |    17 |    16 |    19 |     9 |    10 |     8 ||    80
         Potion            |       |       |     1 |     2 |     2 |     9 |     3 |     8 |    22 ||    47
   Stab: Sleeping          |     1 |     3 |       |     1 |    10 |       |       |       |       ||    15
         Held in net/web   |       |       |     4 |     1 |       |       |       |       |       ||     5
         Distracted        |       |       |       |       |     3 |    31 |    20 |       |       ||    54
         Petrifying        |       |       |       |       |       |       |     5 |     2 |       ||     7
         Petrified         |       |       |       |       |       |       |     1 |       |       ||     1
 Armour: Leather armour    |    41 |    42 |   118 |   123 |   236 |       |       |       |       ||   560
         Scale mail        |       |    17 |    59 |       |       |       |       |       |       ||    76
         Crystal plate arm |       |       |       |       |    44 |   764 |   869 |  1280 |   971 ||  3928
  Dodge: Dodged            |    38 |    93 |   310 |   198 |   300 |   379 |   456 |   423 |   284 ||  2481

Levels and vault maps discovered:
D:1:      onia_arrival_zoo_common, layout_loops_corners
D:2:      layout_basic, basic_altar, serial_bayou_ford_a,
          kennysheep_generic_room_3
D:3:      layout_basic, grunt_temple_overflow_growth_and_decay
D:4:      layout_gridville, minmay_temple_entry_fiery, minmay_fountain_box
D:5:      layout_basic, yredelemnul_altar_generic, cheibrodos_gnoll_hut
D:6:      layout_cave_pools, nicolae_concentric_dashed_squares_wild,
          glass_columns_b, kennysheep_generic_room_11, uniq_eustachio,
          uniq_pikel, uniq_edmund
D:7:      cheibrodos_barr_body, layout_rooms
D:8:      layout_basic, enter_bailey_5, serial_shops,
          nicolae_shop_back_alley_shop, nicolae_shop_fire_sale
          [nicolae_sub_dead_trees]
D:9:      layout_gridville, gammafunk_temple_overflow_wave
D:10:     layout_rooms, nicolae_ashenzari_skybound, lair_entry_dummy,
          kennysheep_decorative_pillar, wad_floor_pattern_untrapped,
          grunt_ministairs_7, hangedman_corner_corridor, uniq_joseph
D:11:     layout_basic, orc_0_dummy
D:12:     layout_irregular_city
D:13:     layout_cave_pods
D:14:     layout_loops_ring, grunt_vaults_entry_fortified, serial_shops,
          bzr_in_the_mist, nicolae_inconvenience_store, shop, shop,
          nicolae_vehumet_radiance, gauntlet_entry_generic,
          gammafunk_ghost_split, grunt_ministairs_9, grunt_decor_mini_mirrors,
          hangedman_decor_diamond_cutter, minmay_crystal_water, uniq_frances,
          uniq_agnes
D:15:     hangedman_depths_entry_civil_slaughter, layout_basic,
          nicolae_ru_the_path_less_chosen, gammafunk_ghost_crypt,
          fedhas_altar_2, uniq_kirke
Temple:   regret_index_temple_sphere_string
Lair:1:   dreamdust_isle_of_ice, layout_cave_pods
Lair:2:   beargit_carnivore_pack, layout_gridlike, dreamdust_wasp_nest,
          lemuel_fruit_fields
Lair:3:   layout_chaotic_city, minmay_shoals_entry_centaurs,
          alex1729_snake_entry_snake, kennysheep_snail_temple, uniq_gastronok,
          uniq_nessos, uniq_amaemon
Lair:4:   layout_hall_layers, minmay_slime_entry_oklob_open,
          maelrawn_ghost_gauntlet_escape, basic_altar
Lair:5:   wormcave, layout_loops_ring, guppyfry_lair_end_dragon,
          chequers_serial_rivers_small_b
Shoals:1: layout_shoals, gammafunk_ghost_split, hangedman_shoal_volcano
Shoals:2: layout_shoals, uniq_roxanne, uniq_polyphemus
Shoals:3: layout_shoals, nicolae_shoals_enchanted_isle
Shoals:4: shoals_end_grunt_ice, layout_shoals, nicolae_shoals_mertower
Snake:1:  layout_basic, grunt_ministairs_2, serial_bayou_shore_a
Snake:2:  layout_misc_corridors, basic_altar, nicolae_snake_boneroom
Snake:3:  layout_chambers, basic_altar, grunt_megastairs_5, uniq_vashnia
Snake:4:  minmay_snake_end_coiled, layout_cave_town, basic_altar, st_stairs_10,
          serial_bayou_shore_b
Orc:1:    layout_diamond_mine, minmay_orc_treasury
Orc:2:    st_orc_mages, layout_caves
Elf:1:    eino_elf_arrival_altar, layout_rooms, serial_shops,
          nicolae_shop_stone, minmay_elf_annihilation, minmay_shoptagon,
          uniq_norris, uniq_azrael
Elf:2:    elven_hall_of_blades_hangedman_alternative [grunt_blade_entry_basic],
          layout_geoelf_diagonals, serial_shops, nicolae_square_shop,
          dreamdust_princess_bridge
Elf:3:    minmay_elf_hall_x, layout_geoelf_octagon
Vaults:1: v_misc_19, vaults_standard_mumra_x, nicolae_vaults_specimen_jars,
          v_misc_32, v_pattern_3, nicolae_vaults_doubleplus_tesselated,
          hangedman_vaults_stagger, nicolae_vaults_security_offices_3,
          nicolae_vaults_little_squares_6, v_misc_23,
          nicolae_vaults_storage_closets_3, nicolae_vaults_tangram_2,
          layout_vaults_maze_bifur, uniq_zenata, uniq_boris
Vaults:2: nicolae_vaults_windows_and_doors_thing, v_misc_26, minmay_orc_keep,
          minmay_crypt_entry_vampire_xt,
          nicolae_vaults_variable_pillar_hall_cross, v_misc_5,
          nicolae_vaults_shipping_containers_6, v_misc_26, ontoclasm_vaults_eye,
          vaults_room_door_ring, nicolae_vaults_tetromino_T_2,
          layout_vaults_ring, serial_shops, nicolae_shop_tiny_statue_garden
Vaults:3: vaults_dpeg_cross, nicolae_vaults_tangram_1,
          nicolae_vaults_mini_display_case, v_misc_1, v_misc_16,
          nicolae_vaults_door_testing_chamber, nicolae_vaults_stand_back,
          nicolae_vaults_tangram_1, hangedman_vaults_cutoff,
          layout_vaults_omnicross, uniq_margery
Vaults:4: gammafunk_ghost_fury_of_okawaru, nicolae_vaults_trapezoid_2,
          vaults_dpeg_hooks, v_misc_2, nicolae_vaults_double_plus_3,
          nicolae_vaults_variable_pillar_hall, nicolae_vaults_little_squares_4,
          nicolae_vaults_rhombus_6, layout_vaults_chaotic_city, enter_trove_0
Vaults:5
Depths:1: layout_basic, rand_demon_pan_entry_7, hell_entry,
          abyss_entry_glasseish, kennysheep_flooded_box, minmay_swirly_circle
Depths:2: minmay_connected_triangles_in_corner, layout_long_grid, hell_entry,
          nzn_wu_jian_contemplation, pan_entry, cheibriados_altar_1,
          minmay_shop_star, uniq_mara, uniq_josephina
Depths:3: minmay_glassy_protrusions, layout_basic, hell_entry,
          abyss_entry_small_statue_room, grunt_pan_entry_spiral,
          infiniplex_staircase_pool_2
Depths:4: grunt_zot_entry_bicorn, layout_gridlike, ziggurat_fallback,
          bh_walls_and_bars, minmay_room_of_horrors, hell_entry
Zot:1:    layout_gridlike, regret_index_zotdec_ex
Zot:2:    gammafunk_sealed_arena, layout_cathedral_of_symmetry, uniq_tiamat,
          uniq_grunn
Zot:3:    layout_misc_corridors, hangedman_zot_decor_checkerboard, st_stairs_2,
          regret_index_zotdec_banners
Zot:4:    layout_onion, zot_minivault_8
Zot:5:    layout_misc_corridors

Notes
Turn   | Place    | Note
-------+----------+-------------------------------------------
     0 | D:1      | Drazool the Coglin Gladiator began the quest for the Orb.
     0 | D:1      | Reached XP level 1. HP: 16/16 MP: 1/1
     6 | D:1      | Noticed a black bear
     6 | D:1      | Noticed a swamp drake
     7 | D:1      | Noticed a boulder beetle
     7 | D:1      | Noticed an anaconda
   256 | D:1      | Reached XP level 2. HP: 22/22 MP: 2/2
   747 | D:1      | Reached skill level 4 in Axes
   913 | D:1      | Reached XP level 3. HP: 27/27 MP: 3/3
  1403 | D:2      | Reached XP level 4. HP: 26/33 MP: 4/4
  1406 | D:2      | Reached skill level 5 in Axes
  1485 | D:2      | Found a shimmering altar of Xom.
  1983 | D:2      | Reached XP level 5. HP: 28/38 MP: 5/5
  2249 | D:3      | Identified the +1 whip of Irrepressible Laughter
                  | {antimagic, rN+ Int-4 Dex+5}
  2380 | D:3      | Found an ancient bone altar of Kikubaaqudgha.
  2383 | D:3      | Found a blossoming altar of Fedhas.
  2558 | D:3      | Reached skill level 6 in Axes
  3447 | D:4      | Found a staircase to the Ecumenical Temple.
  3509 | Temple   | Entered the Ecumenical Temple
  3522 | Temple   | Became a worshipper of Warmaster Okawaru
  3605 | D:5      | Entered Level 5 of the Dungeon
  3661 | D:5      | Noticed a phantom
  3667 | D:5      | Killed a phantom
  3668 | D:5      | Reached XP level 6. HP: 44/44 MP: 2/6
  3700 | D:5      | Found a basalt altar of Yredelemnul.
  3741 | D:5      | Reached skill level 7 in Axes
  3911 | D:5      | Reached skill level 3 in Fighting
  4048 | D:5      | Reached XP level 7. HP: 47/53 MP: 2/7
  4099 | D:5      | Reached skill level 4 in Fighting
  4153 | D:5      | Reached * piety under Okawaru
  4154 | D:5      | Reached skill level 1 in Armour
  4347 | D:5      | Reached skill level 2 in Armour
  4457 | D:6      | Noticed Eustachio
  4499 | D:5      | Reached skill level 3 in Armour
  4558 | D:5      | Killed Eustachio
  4558 | D:5      | Reached ** piety under Okawaru
  4559 | D:5      | Reached skill level 4 in Armour
  4559 | D:5      | Reached skill level 2 in Invocations
  4559 | D:5      | Reached XP level 8. HP: 56/60 MP: 3/9
  4620 | D:6      | Noticed Edmund
  4627 | D:6      | Reached skill level 3 in Invocations
  4627 | D:6      | Reached skill level 2 in Throwing
  4660 | D:6      | Killed Edmund
  4661 | D:6      | Reached skill level 3 in Throwing
  4953 | D:6      | Reached skill level 5 in Fighting
  5019 | D:6      | Noticed Pikel
  5043 | D:6      | Killed Pikel
  5044 | D:6      | Reached skill level 5 in Invocations
  5044 | D:6      | Reached XP level 9. HP: 12/68 MP: 4/12
  5286 | D:6      | Reached skill level 6 in Fighting
  5346 | D:6      | Reached skill level 1 in Evocations
  5356 | D:6      | Reached skill level 2 in Evocations
  5410 | D:6      | Identified the +0 hand axe of Lust {elec, rPois}
  5469 | D:6      | Reached skill level 3 in Evocations
  5631 | D:6      | Reached *** piety under Okawaru
  5896 | D:6      | Reached skill level 4 in Throwing
  6381 | D:7      | Reached skill level 8 in Axes
  6931 | D:7      | Noticed a kobold demonologist
  6939 | D:7      | Killed a kobold demonologist
  6942 | D:7      | Reached **** piety under Okawaru
  6943 | D:7      | Reached skill level 9 in Axes
  6947 | D:7      | Reached skill level 3 in Dodging
  6947 | D:7      | Reached XP level 10. HP: 76/76 MP: 13/13
  6960 | D:7      | Reached skill level 4 in Dodging
  7084 | D:8      | Found Pahux's Magic Scroll Boutique.
  7166 | D:8      | Found a flagged portal.
  7211 | Bailey   | Entered a bailey
  7232 | Bailey   | Reached skill level 6 in Invocations
  7413 | Bailey   | Reached skill level 11 in Fighting
  7413 | Bailey   | Reached XP level 11. HP: 95/95 MP: 15/15
  7429 | Bailey   | Reached skill level 12 in Axes
  7429 | Bailey   | Reached XP level 12. HP: 102/102 MP: 16/16
  7521 | Bailey   | Reached skill level 12 in Fighting
  7798 | Bailey   | Acquired 1002 gold pieces
  7800 | Bailey   | Acquired the +1 broad axe of the Several Gods {speed, rF++
                  | rCorr Str+3}
  7835 | D:8      | Found Dogebbeupa's Fire Supplies.
  7841 | D:8      | Bought the ring of Visaniuz {rElec rF+ Will+ Dex+4 Stlth+}
                  | for 725 gold pieces
  8251 | D:8      | Bought a scroll of enchant weapon for 105 gold pieces
  8251 | D:8      | Bought a scroll of identify for 28 gold pieces
  8791 | D:9      | Noticed a two-headed ogre
  8802 | D:9      | Killed a two-headed ogre
  8803 | D:9      | Reached skill level 13 in Axes
  9007 | D:9      | Found a shimmering blue altar of Sif Muna.
  9007 | D:9      | Found a glowing silver altar of Zin.
  9181 | D:9      | Noticed a two-headed ogre
  9188 | D:9      | Killed a two-headed ogre
  9189 | D:9      | Reached skill level 5 in Dodging
  9524 | D:9      | Reached skill level 6 in Dodging
  9777 | D:10     | Entered Level 10 of the Dungeon
  9778 | D:10     | Found a broken altar of Ashenzari.
 10067 | D:10     | Noticed Joseph
 10071 | D:10     | Noticed a tengu warrior
 10075 | D:10     | Killed Joseph
 10086 | D:10     | Killed a tengu warrior
 10086 | D:10     | Reached ***** piety under Okawaru
 10087 | D:10     | Reached skill level 7 in Dodging
 10597 | D:10     | Found a staircase to the Lair.
 10670 | D:10     | Reached skill level 8 in Dodging
 10670 | D:10     | Reached XP level 13. HP: 94/108 MP: 17/17
 10802 | Lair:1   | Entered Level 1 of the Lair of Beasts
 10879 | Lair:1   | Received a gift from Okawaru
 10888 | Lair:1   | Reached skill level 7 in Invocations
 11267 | Lair:1   | Reached skill level 8 in Invocations
 11528 | Lair:1   | Reached skill level 5 in Throwing
 11676 | Lair:1   | Learned a level 1 spell: Apportation
 11819 | Lair:1   | Received a gift from Okawaru
 12121 | Lair:1   | Reached skill level 6 in Throwing
 12832 | Lair:2   | Reached skill level 5 in Armour
 12916 | Lair:2   | Identified 2 potions of resistance
 13051 | Lair:2   | You fall into a shaft and drop 1 floor!
 13051 | Lair:3   | Noticed Amaemon
 13054 | Arena    | Entered the Arena
 13061 | Arena    | Killed Amaemon
 13078 | Lair:3   | Found a staircase to the Shoals.
 13088 | Lair:3   | Reached skill level 6 in Armour
 13423 | Lair:2   | Reached skill level 7 in Armour
 13951 | Lair:2   | Reached skill level 8 in Armour
 13961 | Lair:2   | Reached skill level 1 in Stealth
 13961 | Lair:2   | Reached XP level 14. HP: 103/115 MP: 20/20
 14117 | Lair:2   | Received a gift from Okawaru
 14118 | Lair:2   | Reached skill level 2 in Stealth
 14131 | Lair:2   | Reached skill level 3 in Stealth
 14138 | Lair:2   | Reached skill level 1 in Translocations
 14593 | Lair:3   | Reached skill level 2 in Translocations
 14609 | Lair:3   | Reached skill level 3 in Translocations
 14773 | Lair:3   | Found a snail-covered altar of Cheibriados.
 15323 | Lair:3   | Found a staircase to the Snake Pit.
 15385 | Lair:3   | Noticed Nessos
 15404 | Lair:3   | Killed Nessos
 15637 | Lair:3   | Noticed Gastronok
 15652 | Lair:3   | Killed Gastronok
 15653 | Lair:3   | Reached skill level 14 in Axes
 16040 | Lair:4   | Received a gift from Okawaru
 16073 | Lair:4   | Found an ancient bone altar of Kikubaaqudgha.
 16258 | Lair:4   | Found a runed translucent gate.
 16258 | Lair:4   | Found a runed translucent gate.
 16259 | Lair:4   | Found a runed translucent gate.
 16287 | Lair:4   | Noticed Rotan's ghost (journeyman NaHs)
 16564 | Lair:5   | Entered Level 5 of the Lair of Beasts
 16708 | Lair:4   | Reached skill level 15 in Axes
 16990 | Lair:5   | Reached ****** piety under Okawaru
 16991 | Lair:5   | Acquired a +0 broad axe of freezing
 16991 | Lair:5   | Received a gift from Okawaru
 17110 | Lair:5   | Received a gift from Okawaru
 17115 | Lair:5   | Acquired the +8 orange crystal plate armour {Archmagi,
                  | Int+3 Clar}
 17115 | Lair:5   | Received a gift from Okawaru
 17115 | Lair:5   | Found the +8 orange crystal plate armour {Archmagi, Int+3
                  | Clar}
 17524 | Lair:5   | Reached skill level 16 in Axes
 17692 | Lair:5   | Reached XP level 15. HP: 88/120 MP: 21/21
 17719 | Lair:5   | Paralysed by a hornet for 1 turns
 18197 | Lair:5   | Reached skill level 9 in Armour
 18197 | Lair:5   | Reached XP level 16. HP: 127/127 MP: 22/22
 18476 | Lair:5   | Reached skill level 10 in Armour
 18715 | Lair:5   | Reached skill level 4 in Evocations
 18922 | Lair:5   | Identified the +4 whip of Rior {flame, rElec Dex+3}
 19092 | D:11     | Found a staircase to the Orcish Mines.
 19192 | D:11     | Reached skill level 5 in Evocations
 19371 | D:11     | Received a gift from Okawaru
 19853 | D:12     | Reached skill level 6 in Evocations
 20444 | D:12     | Reached skill level 7 in Throwing
 20522 | Orc:1    | Entered Level 1 of the Orcish Mines
 21588 | D:11     | Reached skill level 8 in Throwing
 21759 | Orc:1    | Received a gift from Okawaru
 22134 | Orc:2    | Entered Level 2 of the Orcish Mines
 22310 | Orc:2    | Found a staircase to the Elven Halls.
 22680 | Orc:2    | Reached skill level 9 in Invocations
 23518 | Orc:2    | Found Hoewidag's Assorted Antiques.
 23519 | Orc:2    | Found Diraif's Antique Armour Emporium.
 23520 | Orc:2    | Found Fodd's Weapon Emporium.
 23524 | Orc:2    | Found Waumaoz's Weapon Shoppe.
 23527 | Orc:2    | Bought a scroll of identify for 46 gold pieces
 23624 | Orc:2    | Bought a pair of gloves for 139 gold pieces
 23893 | D:13     | Identified the +1 rapier "Gagysiah" {freeze, rF+ Will+
                  | Str+4}
 24467 | D:13     | Reached skill level 17 in Axes
 24709 | D:14     | Found Moururo's Magic Scroll Shoppe.
 24721 | D:14     | Found a runed translucent gate.
 24722 | D:14     | Found a runed translucent gate.
 24722 | D:14     | Noticed Sirjeffry24's ghost (journeyman DrSh)
 24722 | D:14     | Noticed a tengu reaver
 24723 | D:14     | Found a runed translucent gate.
 24724 | D:14     | Noticed a tengu reaver
 24725 | D:14     | Found a flickering gateway to a bazaar.
 24736 | Bazaar   | Entered a bazaar
 24736 | Bazaar   | Found Effuank's Antique Weapon Boutique.
 24736 | Bazaar   | Found Izukeer's General Store.
 24736 | Bazaar   | Found Ekkichi's Distillery.
 24736 | Bazaar   | Found Heguy's General Store.
 24738 | Bazaar   | Found Miasm's General Store.
 24738 | Bazaar   | Found Ypsigus's Magic Scroll Shop.
 24740 | Bazaar   | Bought a scroll of identify for 20 gold pieces
 24748 | Bazaar   | Bought a potion of resistance for 110 gold pieces
 24756 | Bazaar   | Bought a potion of haste for 90 gold pieces
 24756 | Bazaar   | Bought a potion of haste for 90 gold pieces
 24759 | Bazaar   | Bought a wand of mindburst (8) for 100 gold pieces
 24767 | Bazaar   | Bought a scroll of enchant weapon for 120 gold pieces
 24767 | Bazaar   | Bought a scroll of enchant armour for 120 gold pieces
 24767 | Bazaar   | Bought a scroll of enchant armour for 120 gold pieces
 24782 | D:14     | Found Diownom's Distillery.
 24811 | D:14     | Found a gate leading to a gauntlet.
 24829 | Gauntlet | Entered a Gauntlet
 24829 | Gauntlet | Found a transporter.
 24829 | Gauntlet | Found a large runed translucent door.
 24829 | Gauntlet | Found a large runed translucent door.
 24829 | Gauntlet | Found a large runed translucent door.
 24829 | Gauntlet | Found a large runed translucent door.
 24829 | Gauntlet | Found a large runed translucent door.
 24829 | Gauntlet | Found a large runed translucent door.
 24829 | Gauntlet | Found a runed translucent door.
 24829 | Gauntlet | Found a runed translucent door.
 24829 | Gauntlet | Found a large runed translucent door.
 24829 | Gauntlet | Found a large runed translucent door.
 24829 | Gauntlet | Found a large runed translucent door.
 24829 | Gauntlet | Found a large runed translucent door.
 24829 | Gauntlet | Found a large runed translucent door.
 24829 | Gauntlet | Found a large runed translucent door.
 24832 | Gauntlet | Found a transporter.
 24833 | Gauntlet | Found a large runed translucent door.
 24833 | Gauntlet | Found a large runed translucent door.
 24834 | Gauntlet | Found a runed translucent gate.
 24834 | Gauntlet | Found a runed translucent gate.
 24834 | Gauntlet | Found a runed translucent gate.
 24836 | Gauntlet | Found a transporter.
 24839 | Gauntlet | Found a transporter.
 24839 | Gauntlet | Found a transporter.
 24840 | Gauntlet | Found a transporter.
 24849 | Gauntlet | Found a transporter.
 24849 | Gauntlet | Found a transporter.
 24869 | Gauntlet | Found a transporter.
 24888 | Gauntlet | Found a transporter.
 24890 | Gauntlet | Found a transporter.
 24898 | Gauntlet | Found a transporter.
 24911 | Gauntlet | Found a large runed translucent door.
 24912 | Gauntlet | Found a large runed translucent door.
 25076 | Gauntlet | Received a gift from Okawaru
 25080 | Gauntlet | Identified a scarf of resistance
 25265 | Gauntlet | Identified the -1 hat "Elue" {rC+}
 25292 | Gauntlet | Identified the staff "Koxef" {^Drain Dex+3 Tloc Fire Earth}
 25373 | D:14     | Bought a scroll of enchant weapon for 82 gold pieces
 25745 | D:14     | Identified the +0 ring mail of Discretion {rC- Int+6 Dex-2}
 25755 | D:14     | Bought a potion of resistance for 120 gold pieces
 25755 | D:14     | Bought a potion of haste for 120 gold pieces
 25755 | D:14     | Bought a potion of heal wounds for 60 gold pieces
 25755 | D:14     | Bought a potion of mutation for 96 gold pieces
 25844 | D:14     | Noticed Frances
 25850 | D:14     | Killed Frances
 25936 | D:14     | Reached XP level 17. HP: 129/133 MP: 23/23
 25977 | D:14     | Reached skill level 18 in Axes
 26093 | D:14     | Found Rihok's Antique Weapon Shoppe.
 26279 | D:14     | Found a radiant altar of Vehumet.
 26298 | D:14     | Found a gate to the Vaults.
 26334 | D:14     | Noticed Agnes
 26335 | D:14     | Identified the +0 buckler of Circular Logic {+Blink rElec
                  | rF- rN+}
 26342 | D:14     | Killed Agnes
 26594 | D:15     | Entered Level 15 of the Dungeon
 26622 | D:15     | Received a gift from Okawaru
 26623 | D:15     | Reached skill level 13 in Fighting
 26746 | D:15     | Noticed a lich
 26746 | D:15     | Noticed Kiusm's ghost (journeyman DsGl)
 26747 | D:15     | Found a runed translucent gate.
 26747 | D:15     | Found a runed translucent gate.
 26747 | D:15     | Found a runed translucent gate.
 26747 | D:15     | Found an ancient bone altar of Kikubaaqudgha.
 26747 | D:15     | Noticed Kiusm's ghost (journeyman DsGl)
 26747 | D:15     | Noticed a lich
 26747 | D:15     | Noticed a lich
 26839 | D:15     | Found a staircase to the Depths.
 27399 | D:15     | Found a sacrificial altar of Ru.
 27442 | D:15     | Noticed Kirke
 27446 | D:15     | Noticed a sphinx
 27453 | D:15     | Noticed a sphinx
 27630 | D:15     | Found a blossoming altar of Fedhas.
 27707 | D:15     | Reached skill level 14 in Fighting
 28175 | D:15     | Killed Kirke
 28432 | Snake:1  | Entered Level 1 of the Snake Pit
 28585 | Snake:1  | Received a gift from Okawaru
 28889 | Snake:1  | Reached skill level 11 in Armour
 29629 | Snake:1  | Learned a level 2 spell: Blink
 29681 | Snake:2  | Found a shimmering altar of Xom.
 29704 | Snake:2  | Received a gift from Okawaru
 29763 | Snake:2  | Reached skill level 4 in Translocations
 30117 | Snake:2  | Reached skill level 5 in Translocations
 30347 | Snake:2  | Reached skill level 6 in Translocations
 30635 | Snake:2  | Got the Papyrus of Peregrination
 30909 | Snake:3  | Reached skill level 7 in Translocations
 30934 | Snake:3  | Received a gift from Okawaru
 31130 | Snake:3  | Found a hide-covered altar of Uskayaw.
 31358 | Snake:3  | Noticed Vashnia
 31388 | Snake:3  | Reached XP level 18. HP: 67/146 MP: 16/24
 31396 | Snake:3  | Killed Vashnia
 31397 | Snake:3  | Reached skill level 8 in Translocations
 31692 | Snake:3  | Reached skill level 1 in Spellcasting
 32106 | Snake:3  | Reached skill level 2 in Spellcasting
 32547 | Snake:4  | Entered Level 4 of the Snake Pit
 32556 | Snake:4  | Reached skill level 3 in Spellcasting
 32827 | Snake:4  | Reached skill level 4 in Spellcasting
 32828 | Snake:4  | Received a gift from Okawaru
 32837 | Snake:4  | Found a burning altar of Makhleb.
 32933 | Snake:4  | Reached skill level 5 in Spellcasting
 33773 | Snake:3  | Reached skill level 12 in Armour
 34237 | Snake:4  | Identified the +0 spear "Vokah" {flame, rElec Int+3 Dex+3}
 34309 | Snake:4  | Reached skill level 9 in Translocations
 35302 | Snake:4  | Received a gift from Okawaru
 35822 | Snake:4  | Reached skill level 10 in Translocations
 36183 | Snake:4  | Learned a level 4 spell: Passage of Golubria
 36461 | Snake:4  | Got a serpentine rune of Zot
 36597 | Snake:4  | Reached skill level 11 in Translocations
 36830 | Shoals:1 | Entered Level 1 of the Shoals
 36840 | Lair:3   | Received a gift from Okawaru
 36998 | Shoals:1 | Reached skill level 6 in Spellcasting
 37067 | Shoals:1 | Noticed zenocrate's ghost (adept KoDe)
 37131 | Shoals:1 | Reached XP level 19. HP: 153/153 MP: 28/28
 37522 | Shoals:1 | Reached skill level 7 in Spellcasting
 37625 | Shoals:1 | Found a runed translucent gate.
 37625 | Shoals:1 | Found a runed translucent gate.
 37625 | Shoals:1 | Found a runed translucent gate.
 38129 | Shoals:1 | Killed zenocrate's ghost
 38138 | Shoals:1 | Reached skill level 8 in Spellcasting
 38139 | Shoals:1 | Received a gift from Okawaru
 38152 | Shoals:1 | Identified the +3 pair of boots "Hoyngi Ciwu" {rPois rF-
                  | rN+++ Will-}
 38485 | Shoals:2 | Noticed Roxanne
 38495 | Shoals:2 | Noticed Polyphemus
 38532 | Shoals:2 | Killed Polyphemus
 38704 | Shoals:2 | Reached skill level 9 in Spellcasting
 39558 | Shoals:4 | Entered Level 4 of the Shoals
 39630 | Shoals:3 | Received a gift from Okawaru
 39661 | Shoals:3 | Reached skill level 10 in Spellcasting
 40067 | Shoals:3 | Reached skill level 11 in Spellcasting
 40318 | Shoals:3 | Received a gift from Okawaru
 41288 | Shoals:3 | Reached skill level 12 in Translocations
 41486 | Shoals:4 | Got Camuzuesm's Grimoire of Oxidation and Gases
 41488 | Shoals:4 | Acquired a manual of Translocations
 41808 | Shoals:4 | Reached XP level 20. HP: 160/160 MP: 35/35
 41930 | Shoals:4 | Reached skill level 13 in Translocations
 42045 | Shoals:4 | Received a gift from Okawaru
 42050 | Shoals:4 | Reached skill level 14 in Translocations
 42205 | Shoals:4 | Got a barnacled rune of Zot
 42934 | Shoals:4 | Reached skill level 15 in Fighting
 43320 | Elf:1    | Entered Level 1 of the Elven Halls
 43329 | Elf:1    | Paralysed by an air elemental for 1 turns
 43362 | Elf:1    | Found a radiant altar of Vehumet.
 43554 | Elf:1    | Reached skill level 15 in Translocations
 43594 | Elf:1    | Noticed Azrael
 43615 | Elf:1    | Killed Azrael
 43615 | Elf:1    | Received a gift from Okawaru
 43807 | Elf:1    | Learned a level 4 spell: Vhi's Electric Charge
 43838 | Elf:1    | Found Askuxt's Antique Weapon Boutique.
 43867 | Elf:1    | Reached skill level 1 in Air Magic
 43918 | Elf:1    | Reached skill level 2 in Air Magic
 44057 | Elf:1    | Noticed Norris
 44069 | Elf:1    | Killed Norris
 44070 | Elf:1    | Reached skill level 3 in Air Magic
 44188 | Elf:1    | Paralysed by an air elemental for 1 turns
 44191 | Elf:1    | Paralysed by an air elemental for 1 turns
 44251 | Elf:1    | Reached skill level 4 in Air Magic
 44486 | Elf:1    | Found Nede's Weapon Shop.
 44500 | Elf:1    | Found Fiazuceh's General Store.
 44500 | Elf:1    | Found Ranaecog's Antique Weapon Shop.
 44531 | Elf:1    | Found Sovuodghu's Magic Scroll Boutique.
 44586 | Elf:1    | Bought a jewelled broad axe for 252 gold pieces
 44586 | Elf:1    | Identified the +8 broad axe "Xakunku" {freeze, ^Drain rCorr
                  | MP+9} (You bought it in a shop on level 1 of the Elven
                  | Halls)
 44592 | Elf:1    | Bought a scroll of enchant weapon for 120 gold pieces
 44604 | Elf:1    | Bought a +1 pair of gloves of stealth for 231 gold pieces
 44927 | Elf:2    | Reached skill level 5 in Air Magic
 44933 | Elf:1    | Received a gift from Okawaru
 45468 | Elf:2    | Reached skill level 6 in Air Magic
 45488 | Elf:2    | Found a huge runed translucent gate.
 45488 | Elf:2    | Found a huge runed translucent gate.
 45488 | Elf:2    | Found a huge runed translucent gate.
 45490 | Elf:2    | Found a huge runed translucent gate.
 45491 | Elf:2    | Found a huge runed translucent gate.
 45949 | Elf:2    | Found Polliwn's Jewellery Shop.
 46070 | Elf:3    | Entered Level 3 of the Elven Halls
 46125 | Elf:3    | Reached skill level 7 in Air Magic
 46572 | Elf:3    | Got the Secrets of the Winter and the Grave
 46717 | Elf:3    | Received a gift from Okawaru
 46748 | Elf:3    | Reached skill level 8 in Air Magic
 47300 | Elf:3    | Identified the ring of Merele {+Blink rPois rC+ Will+ EV+5}
 47353 | Elf:3    | Reached XP level 21. HP: 129/168 MP: 36/36
 47419 | Elf:3    | Reached skill level 9 in Air Magic
 47599 | Elf:3    | Identified the +1 long sword "Isis" {pain, ^Drain rC+
                  | Dex+4}
 47909 | Elf:3    | You are cast into the Abyss!
 47909 | Abyss:4  | Cast into level 4 of the Abyss (a deep elf sorcerer)
 47918 | Elf:3    | You pass through the gate.
 47918 | Elf:3    | Escaped the Abyss
 48204 | Elf:3    | Reached skill level 10 in Air Magic
 48552 | Elf:3    | Received a gift from Okawaru
 48839 | Elf:3    | Reached skill level 16 in Translocations
 49957 | Elf:3    | Reached skill level 17 in Translocations
 50145 | Elf:3    | Found the +3 crown of Dyrovepreva {rElec Int+2 SInv}
 50154 | Elf:3    | Got Kikubaaqudgha's Precepts of Coffins
 50262 | Elf:3    | Identified the +8 longbow "Manuc" {speed, *Corrode +Blink
                  | rElec rF+++}
 50509 | Vaults:1 | Entered Level 1 of the Vaults
 50593 | Vaults:1 | Noticed Zenata
 50595 | Vaults:1 | Zenata changed into Zenata the purple ugly thing
 50595 | Vaults:1 | Noticed Zenata
 50602 | Vaults:1 | Killed Zenata the purple ugly thing
 50671 | Vaults:1 | Received a gift from Okawaru
 50850 | Vaults:1 | Reached skill level 13 in Armour
 51130 | Vaults:1 | Identified the +3 robe of the Teacher {MP+9 Archmagi}
 51130 | Vaults:1 | Noticed Boris
 51147 | Vaults:1 | Killed Boris
 51249 | Vaults:1 | Learned a level 3 spell: Teleport Other
 51457 | Vaults:1 | Paralysed by a formless jellyfish for 1 turns
 51984 | Vaults:1 | Reached skill level 14 in Armour
 51989 | Vaults:1 | Received a gift from Okawaru
 52125 | Vaults:1 | Paralysed by a formless jellyfish for 1 turns
 52453 | Vaults:2 | Reached skill level 18 in Translocations
 52983 | Vaults:2 | Reached XP level 22. HP: 166/176 MP: 37/37
 53071 | Vaults:2 | Found Cinud's Armour Boutique.
 53417 | Vaults:2 | Identified the ring "Mis Narch" {rN+ rCorr Str+3 Stlth+}
 53457 | Vaults:2 | Reached skill level 16 in Fighting
 53503 | Vaults:2 | Received a gift from Okawaru
 53750 | Vaults:2 | Found a staircase to the Crypt.
 54490 | Vaults:2 | Reached skill level 15 in Armour
 54575 | Vaults:2 | Identified the +3 leather armour "Avvenani" {+Inv Will+}
 54836 | Vaults:2 | Received a gift from Okawaru
 55733 | Vaults:3 | Noticed Margery
 55757 | Vaults:2 | Killed Margery
 56026 | Vaults:2 | Reached skill level 16 in Armour
 56463 | Vaults:3 | Received a gift from Okawaru
 56800 | Vaults:3 | Identified the +3 leather armour of Usmolek {+Blink rElec
                  | Will+ Int+3}
 56898 | Vaults:3 | Identified the +1 robe of Snakes and Ladders {rPois rN+
                  | SInv}
 57269 | Vaults:3 | Reached skill level 19 in Translocations
 57554 | Vaults:4 | Learned a level 3 spell: Gell's Gravitas
 57561 | Vaults:4 | Learned a level 6 spell: Dispersal
 58374 | Vaults:4 | Received a gift from Okawaru
 58534 | Vaults:4 | Found a portal to a secret trove of treasure.
 58797 | Vaults:4 | Reached skill level 12 in Spellcasting
 58867 | Vaults:4 | Reached XP level 23. HP: 184/184 MP: 39/39
 58986 | Vaults:4 | Found a runed translucent gate.
 58986 | Vaults:4 | Found a runed translucent gate.
 58987 | Vaults:4 | Found a runed translucent gate.
 58988 | Vaults:4 | Noticed Jeb Mum's ghost (veteran DsFE)
 59502 | Vaults:4 | Identified the +3 great mace of Yredelemnul {elec, Will++
                  | rCorr MP+9 Dex-3}
 59502 | Vaults:4 | Identified the +3 scale mail "Etidepepuge" {Harm Int+5}
 59505 | Vaults:4 | Found an iron altar of Okawaru.
 59742 | Depths:1 | Entered Level 1 of the Depths
 59742 | Depths:1 | Found a one-way gate to the infinite horrors of the Abyss.
 59822 | Depths:1 | Identified the +2 robe of the Devil's Team {-Cast Dex+3
                  | Stlth+}
 59822 | Depths:1 | Noticed Boris
 59847 | Depths:1 | Killed Boris
 60114 | Depths:1 | Found a gateway to Hell.
 60132 | Depths:1 | Reached skill level 9 in Throwing
 60202 | Depths:1 | Found a one-way gate leading to the halls of Pandemonium.
 60498 | Depths:1 | Received a gift from Okawaru
 60665 | Depths:1 | Reached skill level 10 in Throwing
 61167 | Depths:1 | Noticed a golden dragon
 61189 | Depths:1 | Killed a golden dragon
 61502 | Vaults:4 | You paid a toll of +3 gold dragon scales to enter a
                  | treasure trove
 61503 | Trove    | Entered a treasure trove
 61505 | Trove    | Found the +18 shield of the Gong {Loud rN+ Will+ rCorr
                  | EV-5}
 61507 | Trove    | Identified the +0 pair of gloves of Muvviss {Str+4 Int+3}
 61509 | Trove    | Identified the scarf of the Writhing Gods {repulsion,
                  | ^Drain rPois MP-9 Dex+9}
 61511 | Trove    | Identified the scarf of the Sea {shadows, rF- Dex+5}
 61515 | Trove    | Found the +15 Maxwell's patent armour {-Cast -Tele rElec
                  | Will+ rCorr}
 61517 | Trove    | Identified the +1 cloak "Joniomea" {rElec rC+ rCorr Int-4}
 61520 | Trove    | Identified the +0 scale mail "Jiuc Rot" {rElec rPois Str+3}
 61524 | Trove    | Identified the orb "Byjuis" {mayhem, rElec MP+9}
 61525 | Trove    | Identified the +2 pair of gloves of the Eternal Void {rElec
                  | Dex+4}
 61528 | Trove    | Identified the +0 scale mail of Intercession {Fly rElec
                  | rCorr Int-3}
 61974 | Depths:1 | Received a gift from Okawaru
 61975 | Depths:1 | Noticed a juggernaut
 61993 | Depths:1 | Killed a juggernaut
 61994 | Depths:1 | Reached skill level 17 in Fighting
 62237 | Depths:1 | Identified the amulet of Adef {Faith ^Fragile Str-5 Dex+8}
 62304 | Depths:1 | Identified +0 pearl dragon scales
 62357 | Depths:1 | Identified the +1 short sword of Viyqy {vamp, rElec rF+
                  | Stlth+}
 62743 | Depths:2 | Identified the ring "Xietigev" {Ice Int+4}
 62743 | Depths:2 | Noticed Josephina
 63073 | Depths:1 | Killed Josephina
 63205 | Depths:2 | Found a snail-covered altar of Cheibriados.
 63325 | Depths:2 | Found Yxororet's Antique Weapon Shoppe.
 63525 | Depths:2 | Noticed Mara
 64190 | Depths:2 | Reached skill level 17 in Armour
 64675 | Depths:2 | Killed Mara
 64675 | Depths:2 | Received a gift from Okawaru
 65253 | Depths:2 | Found an ornate altar of the Wu Jian Council.
 65810 | D:14     | Bought a scroll of revelation for 82 gold pieces
 65810 | D:14     | Bought a scroll of teleportation for 33 gold pieces
 65810 | D:14     | Bought a scroll of fear for 44 gold pieces
 65810 | D:14     | Bought a scroll of blinking for 82 gold pieces
 65810 | D:14     | Bought a scroll of teleportation for 33 gold pieces
 66277 | Depths:2 | Reached skill level 18 in Armour
 66404 | Depths:2 | Reached XP level 24. HP: 189/195 MP: 39/39
 67297 | Depths:3 | Received a gift from Okawaru
 67454 | Depths:3 | Noticed a caustic shrike
 67464 | Depths:3 | Killed a caustic shrike
 67898 | Depths:3 | Reached skill level 19 in Armour
 68477 | Depths:4 | Entered Level 4 of the Depths
 68878 | Depths:4 | Noticed a juggernaut
 68878 | Depths:4 | Noticed a juggernaut
 68887 | Depths:3 | Killed a juggernaut
 69059 | Depths:4 | Received a gift from Okawaru
 69325 | Depths:4 | Killed a juggernaut
 69606 | Depths:4 | Upgraded the game from 0.32-a0-433-g08bcfe7efd to
                  | 0.32-a0-485-g70f7560b1c
 70006 | Depths:4 | Reached skill level 20 in Armour
 70251 | Depths:4 | Found a gate to the Realm of Zot.
 70713 | Depths:4 | Found a one-way gateway to a ziggurat.
 71140 | Vaults:5 | Entered Level 5 of the Vaults
 71261 | Vaults:5 | Received a gift from Okawaru
 71275 | Vaults:5 | Reached skill level 21 in Armour
 71309 | Vaults:5 | Reached XP level 25. HP: 89/201 MP: 39/39
 71693 | Vaults:5 | Identified the staff "Dujar" {rPois rC+ Tloc Ice}
 71697 | Vaults:5 | Got a silver rune of Zot
 72076 | Vaults:5 | Noticed a dread lich
 72097 | Vaults:5 | Killed a dread lich
 72113 | Vaults:5 | HP: 14/201 [tengu reaver/+2 heavy battleaxe (17)]
 72541 | Vaults:5 | Identified the +8 short sword of Circularity {flame, rElec
                  | SInv}
 72575 | Vaults:5 | Reached skill level 22 in Armour
 72860 | Vaults:5 | Received a gift from Okawaru
 73046 | Vaults:5 | Identified the +5 mace of Harmony {protect, ^Fragile rN++
                  | Will++}
 73589 | Vaults:5 | Identified the +4 plate armour of Kolimaf {rN+}
 73936 | Vaults:5 | Received a gift from Okawaru
 73956 | Vaults:5 | Reached skill level 23 in Armour
 74068 | Vaults:5 | Found Daywiod's Magic Scroll Shop.
 74082 | Vaults:5 | Learned a level 4 spell: Manifold Assault
 74283 | Vaults:5 | Identified the +0 ring mail of Ruoclee {rN++ Will- SInv}
 75035 | Zot:1    | Entered Level 1 of the Realm of Zot
 75972 | Zot:1    | Identified the +2 robe "Plog" {*Corrode rF+++ Dex+5 Stlth-}
 77007 | Zot:2    | Noticed Grunn
 77091 | Zot:2    | Killed Grunn
 77253 | Zot:2    | Reached skill level 24 in Armour
 77277 | Zot:2    | Reached XP level 26. HP: 185/208 MP: 29/39
 77521 | Zot:2    | Noticed a curse toe
 77522 | Zot:2    | Found a transporter.
 77524 | Zot:2    | Found a transporter.
 77524 | Zot:2    | Found the +3 Mad Mage's Maulers {Infuse+∞ VampMP -Cast}
 77602 | Zot:2    | Found the +4 dragonskin cloak
 77602 | Zot:2    | Noticed Tiamat
 77605 | Arena    | Entered the Arena
 77633 | Arena    | HP: 8/208 [Tiamat/+1 glaive of freezing (26)]
 77643 | Arena    | Killed Tiamat
 77990 | Zot:2    | Received a gift from Okawaru
 79559 | Zot:3    | HP: 19/208 [poisoned by a green draconian monk (poison
                  | gas)]
 79564 | Zot:3    | HP: 14/208 [poisoned by a green draconian monk (poison
                  | gas)]
 80188 | Zot:3    | Received a gift from Okawaru
 80194 | Zot:3    | Reached skill level 25 in Armour
 81281 | Zot:3    | Noticed a curse toe
 81290 | Zot:3    | Killed a curse toe
 82522 | Zot:4    | Received a gift from Okawaru
 82540 | Zot:4    | Reached skill level 26 in Armour
 82986 | Zot:4    | Noticed a curse toe
 83103 | Zot:4    | Killed a curse toe
 83929 | Zot:4    | Reached XP level 27. HP: 214/214 MP: 39/39
 83986 | Zot:4    | Noticed an orb of fire
 83994 | Zot:4    | Gained mutation: You do not regenerate when monsters are
                  | visible. [an orb of fire]
 83995 | Zot:4    | Gained mutation: Armour fits poorly on your strangely
                  | shaped body. [an orb of fire]
 83996 | Zot:4    | Gained mutation: Your body sometimes deteriorates upon
                  | taking damage. [an orb of fire]
 83998 | Zot:4    | Killed an orb of fire
 83998 | Zot:4    | Received a gift from Okawaru
 84009 | Zot:3    | Lost mutation: You do not regenerate when monsters are
                  | visible. [potion of mutation]
 84009 | Zot:3    | Lost mutation: Your body sometimes deteriorates upon taking
                  | damage. [potion of mutation]
 84009 | Zot:3    | Gained mutation: You are resistant to electric shocks.
                  | (rElec) [potion of mutation]
 84009 | Zot:3    | Gained mutation: You are somewhat resistant to further
                  | mutation. [potion of mutation]
 84009 | Zot:3    | Gained mutation: Your muscles are strong. (Str +4, Int/Dex
                  | -1) [potion of mutation]
 84010 | Zot:3    | Lost mutation: Your muscles are strong. (Str +4, Int/Dex
                  | -1) [potion of mutation]
 84010 | Zot:3    | Lost mutation: You are somewhat resistant to further
                  | mutation. [potion of mutation]
 84011 | Zot:3    | Lost mutation: Armour fits poorly on your strangely shaped
                  | body. [potion of mutation]
 84011 | Zot:3    | Lost mutation: You are resistant to electric shocks.
                  | (rElec) [potion of mutation]
 84011 | Zot:3    | Gained mutation: You passively map a small area around you.
                  | [potion of mutation]
 84011 | Zot:3    | Gained mutation: Your spells are a little easier to cast,
                  | but a little less powerful. [potion of mutation]
 84011 | Zot:3    | Lost mutation: You passively map a small area around you.
                  | [potion of mutation]
 84012 | Zot:3    | Lost mutation: Your spells are a little easier to cast, but
                  | a little less powerful. [potion of mutation]
 84012 | Zot:3    | Gained mutation: Your mind is acute. (Int +4, Str/Dex -1)
                  | [potion of mutation]
 84012 | Zot:3    | Gained mutation: Your mind is very acute. (Int +8, Str/Dex
                  | -2) [potion of mutation]
 84212 | Zot:4    | Noticed a curse toe
 84223 | Zot:4    | Killed a curse toe
 84938 | Zot:5    | Entered Level 5 of the Realm of Zot
 85234 | Zot:5    | Reached skill level 27 in Armour
 85929 | Zot:5    | Noticed a dread lich
 85951 | Zot:5    | Killed a dread lich
 86152 | Zot:5    | Received a gift from Okawaru
 86215 | Zot:5    | Noticed a dread lich
 86216 | Zot:5    | Noticed an orb of fire
 86225 | Zot:5    | Lost mutation: Your mind is very acute. (Int +8, Str/Dex
                  | -2) [an orb of fire]
 86227 | Zot:5    | Gained mutation: You occasionally lose the ability to read
                  | scrolls when taking damage. [a cacodemon]
 86240 | Zot:5    | Killed a dread lich
 86241 | Zot:5    | Reached skill level 18 in Fighting
 86246 | Zot:5    | Killed an orb of fire
 86255 | Zot:5    | Lost mutation: You occasionally lose the ability to read
                  | scrolls when taking damage. [potion of mutation]
 86255 | Zot:5    | Lost mutation: Your mind is acute. (Int +4, Str/Dex -1)
                  | [potion of mutation]
 86255 | Zot:5    | Gained mutation: You are agile. (Dex +4, Str/Int -1)
                  | [potion of mutation]
 86500 | Zot:5    | Noticed an electric golem
 86510 | Zot:5    | Killed an electric golem
 86561 | Zot:5    | Noticed a dread lich
 86574 | Zot:5    | Killed a dread lich
 86603 | Zot:5    | Noticed an ancient lich
 86623 | Zot:5    | Killed an ancient lich
 86713 | Zot:5    | Reached skill level 19 in Fighting
 86859 | Zot:5    | Noticed an ancient lich
 86871 | Zot:5    | Killed an ancient lich
 86996 | Zot:5    | Noticed an ancient lich
 87005 | Zot:5    | Killed an ancient lich
 87005 | Zot:5    | Received a gift from Okawaru
 87041 | Zot:5    | Got the Orb of Zot
 87279 | Depths:3 | Reached skill level 20 in Fighting
 87734 | D:1      | Noticed Komema the pandemonium lord
 87735 | D:$      | Escaped with the Orb!

Vanquished Creatures
  4 dread liches
  Tiamat (Arena)
  3 ancient liches (Zot:5)
  2 orbs of fire
  Mara (Depths:2)
  3 juggernauts
  Josephina (Depths:1)
  Boris (twice) (Vaults:1 Depths:1)
  Margery (Vaults:2)
  3 curse toes
  Vashnia (Snake:3)
  A Killer Klown (Zot:5)
  A caustic shrike (Depths:3)
  11 golden dragons
  Norris (Elf:1)
  A bone dragon (Depths:4)
  A Brimstone Fiend (D:15)
  3 doom hounds (Zot:2)
  An electric golem (Zot:5)
  An Ice Fiend (D:13)
  A hellephant (Vaults:3)
  3 liches
  Grunn (Zot:2)
  17 tentacled monstrosities
  6 quicksilver dragons
  2 krakens
  2 deep elf blademasters (Elf:3)
  A deep elf master archer (Elf:3)
  7 sphinxes
  26 Orb Guardians
  6 titans
  Polyphemus (Shoals:2)
  2 Executioners
  9 death cobs
  Frances (D:14)
  Kirke (D:15)
  Gastronok (Lair:3)
  Agnes (D:14)
  13 shadow dragons
  5 tengu reavers
  22 storm dragons
  5 nagarajas
  13 fire giants
  4 draconian knights
  5 protean progenitors
  9 deep elf sorcerers (Elf:3)
  4 draconian monks
  7 frost giants
  An iron dragon (Depths:2)
  3 draconian shifters
  2 ghost moths
  8 draconian scorchers
  15 vault wardens
  5 deep elf elementalists
  The ghost of zenocrate the Covert, an adept KoDe of Gozag (Shoals:1)
  4 draconian stormcallers
  2 reapers
  4 very ugly things
  6 orc warlords
  2 broodmothers (Depths:4)
  20 ironbound preservers
  11 ironbound thunderhulks
  2 formless jellyfish (Vaults:1)
  7 draconian annihilators
  24 stone giants
  5 deep elf demonologists (Elf:3)
  10 green draconians
  2 eleionomae (Shoals:3)
  9 black draconians
  6 deep elf annihilators
  2 lorocyprocas
  Nessos (Lair:3)
  7 spark wasps
  7 deep elf death magi
  A minotaur (Gauntlet)
  A vampire knight (Depths:2)
  12 white draconians
  9 purple draconians
  9 red draconians
  4 dire elephants
  6 yellow draconians
  2 war gargoyles (Vaults:5)
  Azrael (Elf:1)
  2 merfolk javelineers
  2 blizzard demons
  2 eidola
  19 ettins
  2 entropy weavers
  9 fire dragons
  11 merfolk impalers
  11 yaktaur captains
  6 deep elf high priests
  5 great orbs of eyes
  3 salamander tyrants (Snake:4)
  35 vault guards
  8 rakshasas
  6 spriggan air magi
  A hydra (Lair:5)
  A peacekeeper (Vaults:2)
  11 ironbound frosthearts
  An ogre mage (Vaults:5)
  9 centaur warriors
  7 ice dragons
  2 catoblepae
  8 anacondas
  3 tengu warriors
  2 alligators (Zot:3)
  17 dancing weapons
  3 merfolk aquamancers
  5 boulder beetles
  2 death yaks (Shoals:2)
  A sphinx skeleton (Depths:2)
  15 naga warriors
  5 two-headed ogres
  13 deep troll shamans
  5 merfolk avatars
  18 naga sharpshooters
  4 spriggan berserkers
  A vampire mage (Vaults:2)
  11 deep troll earth magi
  6 satyrs
  3 occultists
  6 orc high priests
  6 shock serpents
  A demonic crawler (D:15)
  8 hell knights
  2 spriggans (Depths:2)
  2 salamander mystics (Snake:4)
  Amaemon (Arena)
  11 deep elf knights
  A fire crab (Shoals:1)
  A sixfirhy (Depths:1)
  2 soul eaters
  14 iron trolls
  3 flayed ghosts
  10 skysharks
  A deep troll (shapeshifter) (Vaults:2)
  62 deep trolls
  14 sea snakes
  A swamp dragon (Lair:5)
  A shadow demon (Zot:1)
  6 glowing orange brains
  7 arcanists
  4 phantasmal warriors (Vaults:5)
  10 deep elf archers
  18 ironbound convokers
  15 lindwurms
  9 mana vipers
  7 naga ritualists
  A bog body (Lair:1)
  15 orc knights
  Pikel (D:6)
  27 harpies
  5 necromancers
  26 deep elf pyromancers
  21 manticores
  24 deep elf zephyrmancers
  38 fauns
  32 ugly things
  A wolf spider (Vaults:5)
  11 salamanders
  6 cyclopes
  A fire giant skeleton (Depths:2)
  20 elephants
  30 moths of wrath
  7 orc sorcerers
  6 large abominations
  3 guardian serpents
  7 water nymphs
  An orange demon (Lair:3)
  7 gargoyles
  A kobold blastminer (Orc:1)
  8 merfolk sirens
  11 vault sentinels
  31 black mambas
  A cane toad (shapeshifter) (D:15)
  20 naga magi
  Joseph (D:10)
  A water nymph (shapeshifter) (Vaults:5)
  8 torpor snails
  3 smoke demons
  An efreet (D:14)
  8 komodo dragons
  11 cane toads
  7 unseen horrors
  3 kobold demonologists
  A yaktaur (shapeshifter) (Vaults:5)
  3 ice devils
  27 yaktaurs
  10 rime drakes
  3 freezing wraiths
  2 tengu conjurers
  4 trolls
  An anaconda simulacrum (Lair:1)
  A hornet (shapeshifter) (Elf:1)
  3 hellwings (D:10)
  35 merfolk
  2 polar bears
  A queen bee (shapeshifter) (D:14)
  8 wind drakes
  15 hornets
  An iron dragon simulacrum (Depths:2)
  A tarantella (Vaults:3)
  4 tyrant leeches (Lair:5)
  3 blink frogs (Lair:4)
  10 snapping turtles
  4 dream sheep (Lair:3)
  A stone giant simulacrum (Depths:2)
  37 slime creatures
  A frost giant simulacrum (Depths:2)
  4 vampires
  4 air elementals
  3 shadows
  3 wraiths
  8 wyverns
  Eustachio (D:5)
  4 small abominations (Depths:4)
  16 water elementals
  A yak (shapeshifter) (D:15)
  5 hogs (D:15)
  A human (D:15)
  35 yaks
  3 fire bats (Shoals:1)
  3 wargs
  4 chaos spawn
  A redback (shapeshifter) (Vaults:2)
  2 fire elementals
  A redback (Vaults:3)
  2 steam dragons
  4 basilisks
  51 nagas
  8 vampire mosquitoes
  Edmund (D:6)
  A harpy simulacrum (Lair:1)
  4 acid dragons
  3 hell hounds (Elf:1)
  13 water moccasins
  2 black bears
  37 orc warriors
  3 swamp drakes
  2 ice beasts (D:7)
  A meliai simulacrum (D:14)
  2 sky beasts
  11 ogres
  A boggart (Vaults:1)
  14 centaurs
  4 lemures (D:6)
  19 wolves
  2 phantoms (D:5)
  4 kobold brigands
  14 bullfrogs
  2 gnoll sergeants
  2 scorpions
  7 earth elementals
  A two-headed ogre simulacrum (Lair:1)
  2 cane toad simulacra (Lair:1)
  20 wights
  An elephant simulacrum (Lair:1)
  6 killer bees
  7 electric eels
  4 howler monkeys
  3 jellies
  A bombardier beetle (D:6)
  3 gnoll boudas
  2 hounds (D:5)
  40 orc priests
  6 iguanas
  A sleepcap (D:5)
  21 orc wizards
  A troll simulacrum (Lair:1)
  26 gnolls
  5 adders
  2 shadow imps
  2 white imps
  5 ufetubi
  3 dart slugs
  6 ribbon worms
  85 orcs
  8 ball pythons
  7 bats
  2 endoplasms (D:3)
  3 giant cockroaches
  13 goblins
  8 hobgoblins
  2 jackals (D:1)
  A quokka (D:1)
  2 frilled lizards (D:1)
  13 kobolds
  4 rats
  5 aspiring fleshes
  14 tentacles
2158 creatures vanquished.

Vanquished Creatures (others)
  A juggernaut simulacrum (Depths:2)
  A deep elf zephyrmancer (Elf:1)
  2 spark wasp simulacra (Depths:2)
  A hell hound (Elf:1)
  12 spectral weapons
  11 tentacles
28 creatures vanquished.

Grand Total: 2186 creatures vanquished

Table legend: (Time is in decaauts)
 A = Elapsed time spent in this place.
 B = Non-inter-level travel time spent in this place.
 C = Inter-level travel time spent in this place.
 D = Time resting spent in this place.
 E = Time spent auto-exploring this place.
 F = Levels seen in this place.
 G = Mean time per level.
                   A        B        C        D        E       F      G
               +--------+--------+--------+--------+--------+-----+--------+
         Total |  86296 |  80396 |   5900 |  24656 |  37989 |  55 | 1569.0 |
       Dungeon |  17748 |  15620 |   2128 |   1994 |  10534 |  15 | 1183.2 |
        Temple |     26 |     13 |     13 |      0 |      0 |   1 |   26.0 |
          Lair |   8376 |   7803 |    573 |   1038 |   5120 |   5 | 1675.2 |
        Shoals |   6098 |   5902 |    196 |   1312 |   3139 |   4 | 1524.5 |
     Snake Pit |   8253 |   8052 |    201 |   2784 |   3893 |   4 | 2063.2 |
  Orcish Mines |   2243 |   2071 |    172 |    285 |   1160 |   2 | 1121.5 |
   Elven Halls |   6959 |   6669 |    290 |   2719 |   2076 |   3 | 2319.7 |
        Vaults |  12911 |  11816 |   1095 |   4138 |   4525 |   5 | 2582.2 |
        Depths |  11114 |  10189 |    925 |   4603 |   3398 |   4 | 2778.5 |
           Zot |  11382 |  11079 |    303 |   5507 |   3838 |   5 | 2276.4 |
         Abyss |      8 |      8 |      0 |      0 |      0 |   1 |    8.0 |
        Bazaar |     35 |     35 |      0 |      0 |     13 |   1 |   35.0 |
         Trove |     36 |     36 |      0 |      0 |      0 |   1 |   36.0 |
        Bailey |    590 |    590 |      0 |    118 |    146 |   1 |  590.0 |
      Gauntlet |    459 |    459 |      0 |    155 |    144 |   1 |  459.0 |
         Arena |     49 |     49 |      0 |      0 |      0 |   2 |   24.5 |
               +--------+--------+--------+--------+--------+-----+--------+

Top non-repeatable levels by time:
   Elf:3: 3717 daAuts
Depths:1: 3644 daAuts
Vaults:5: 3500 daAuts
 Snake:3: 3471 daAuts
Depths:2: 3135 daAuts
Vaults:2: 3105 daAuts
   Zot:3: 2750 daAuts
   Zot:2: 2691 daAuts
 Snake:4: 2521 daAuts
Depths:4: 2462 daAuts
Vaults:1: 2366 daAuts
  Lair:5: 2333 daAuts
Vaults:3: 2195 daAuts
   Zot:1: 2109 daAuts
   Zot:5: 2095 daAuts

Table legend:
 A = Non-vault XP
 B = Vault XP
 C = Vault XP percentage of total XP
 D = Non-vault monster count
 E = Vault monster count
 F = Vault count percentage of total count
                 A         B        C        D         E       F
            +---------+---------+-------+---------+---------+-------
      Total |  716732 |  603574 |  45.7 |    1298 |     815 |  38.6
            +---------+---------+-------+---------+---------+-------
        D:1 |      35 |       0 |   0.0 |      21 |       0 |   0.0
        D:2 |     136 |       1 |   0.7 |      20 |       1 |   4.8
        D:3 |      84 |       0 |   0.0 |      21 |       0 |   0.0
        D:4 |      20 |       0 |   0.0 |       8 |       0 |   0.0
        D:5 |     921 |     307 |  25.0 |      21 |       4 |  16.0
        D:6 |    1103 |     789 |  41.7 |      22 |       2 |   8.3
        D:7 |     542 |    1568 |  74.3 |      30 |      14 |  31.8
        D:8 |    1065 |       8 |   0.7 |      13 |       4 |  23.5
        D:9 |    3483 |       0 |   0.0 |      18 |       0 |   0.0
       D:10 |    1826 |    4595 |  71.6 |      15 |      17 |  53.1
       D:11 |    2122 |    2127 |  50.1 |       9 |       6 |  40.0
       D:12 |    6673 |       0 |   0.0 |      23 |       0 |   0.0
       D:13 |    3067 |       0 |   0.0 |       9 |       0 |   0.0
       D:14 |    9482 |   11068 |  53.9 |      21 |      17 |  44.7
       D:15 |   10260 |    5866 |  36.4 |      25 |      11 |  30.6
     Lair:1 |    7451 |    3405 |  31.4 |      30 |      15 |  33.3
     Lair:2 |    8739 |    1813 |  17.2 |      33 |       6 |  15.4
     Lair:3 |    7614 |    5387 |  41.4 |      26 |      12 |  31.6
     Lair:4 |    5958 |       0 |   0.0 |      26 |       0 |   0.0
     Lair:5 |   10274 |   11557 |  52.9 |      30 |      36 |  54.5
   Shoals:1 |   19373 |    7862 |  28.9 |      34 |      18 |  34.6
   Shoals:2 |   15500 |    4043 |  20.7 |      30 |       4 |  11.8
   Shoals:3 |   23669 |   14158 |  37.4 |      47 |      24 |  33.8
   Shoals:4 |    6048 |   21902 |  78.4 |      13 |      38 |  74.5
    Snake:1 |   11676 |    2935 |  20.1 |      28 |       6 |  17.6
    Snake:2 |    6901 |    5466 |  44.2 |      13 |      12 |  48.0
    Snake:3 |   11754 |   11880 |  50.3 |      21 |      14 |  40.0
    Snake:4 |   29582 |   17987 |  37.8 |      61 |      30 |  33.0
      Orc:1 |    1263 |    5135 |  80.3 |      25 |      38 |  60.3
      Orc:2 |    1438 |    6143 |  81.0 |      16 |      59 |  78.7
      Elf:1 |   21013 |   14117 |  40.2 |      35 |      22 |  38.6
      Elf:2 |   11976 |    1660 |  12.2 |      22 |       2 |   8.3
      Elf:3 |   23170 |   37514 |  61.8 |      37 |      33 |  47.1
   Vaults:1 |   23892 |   25927 |  52.0 |      35 |      31 |  47.0
   Vaults:2 |   23286 |   47440 |  67.1 |      37 |      59 |  61.5
   Vaults:3 |   15128 |   20714 |  57.8 |      28 |      24 |  46.2
   Vaults:4 |   25920 |    1767 |   6.4 |      39 |       2 |   4.9
   Vaults:5 |   30757 |   96306 |  75.8 |      33 |      88 |  72.7
   Depths:1 |   45928 |   31795 |  40.9 |      54 |      21 |  28.0
   Depths:2 |   46959 |    4673 |   9.1 |      57 |       2 |   3.4
   Depths:3 |   30898 |    9893 |  24.3 |      31 |       8 |  20.5
   Depths:4 |   35552 |   21162 |  37.3 |      37 |      29 |  43.9
      Zot:1 |   24872 |       0 |   0.0 |      20 |       0 |   0.0
      Zot:2 |   34652 |   21394 |  38.2 |      29 |      16 |  35.6
      Zot:3 |   45600 |    8105 |  15.1 |      38 |       5 |  11.6
      Zot:4 |   46872 |   26492 |  36.1 |      37 |      18 |  32.7
      Zot:5 |   22198 |   77902 |  77.8 |      20 |      31 |  60.8
     Bailey |       0 |    1637 | 100.0 |       0 |      28 | 100.0
   Gauntlet |       0 |    3478 | 100.0 |       0 |       6 | 100.0
      Arena |       0 |    5596 | 100.0 |       0 |       2 | 100.0
            +---------+---------+-------+---------+---------+-------
